AoeStats
← Dravogh

MegaRandom

510132439Analyzed
2v2 RM · 4d ago on Sep 29, 2026· 49m 36s· 4 players
Game mode
Random Map
Map size
Medium (4 player)
Population
200
Speed
Normal
Resources
Standard
Victory
Conquest
Starting age
Dark Age
Ending age
Imperial Age
RankedLock teamsTeams togetherTeam positionsShared explorationLock speedFull tech treeHidden civsTurbo modeCheats
Victory
Defeat
🇩🇪 Jurchens · Germany
1418
+14
🇩🇪 Koreans · Germany
1416
+14
🇵🇱 Teutons · Poland
1387
-14
🇵🇱 Mapuche · Poland
1361
-14
Rat
6:15 Loom
9:46 Feudal Age
10:16 Double-Bit Axe
15:54 Fletching
24:59 Castle Age
23:59 Padded Archer Armor
24:36 Champi Runner
25:52 Bodkin Arrow
37:35 Ballistics
40:17 Champi Warrior
41:36 Leather Archer Armor
43:39 Horse Collar
44:44 Heavy Plow
48:12 Scale Mail Armor
51:05 Imperial Age
48:54 Malon
Dravogh
7:01 Loom
9:36 Feudal Age
10:55 Double-Bit Axe
14:46 Horse Collar
21:39 Castle Age
20:39 Scale Barding Armor
20:45 Forging
20:52 Bloodlines
23:12 Chain Barding Armor
23:26 Bow Saw
26:29 Heavy Plow
27:51 Gold Mining
29:04 Iron Casting
38:35 Wheelbarrow
37:45 Town Watch
49:54 Imperial Age
47:58 Fletching
49:36 Bodkin Arrow
49:55 Scale Mail Armor
Inspektor bmdiess
6:57 Loom
10:02 Feudal Age
13:11 Fletching
15:59 Horse Collar
17:50 Double-Bit Axe
24:07 Castle Age
23:58 Scale Mail Armor
25:31 Crossbowman
26:14 Bodkin Arrow
25:43 Pikeman
29:02 Ballistics
29:19 Wheelbarrow
30:27 Thumb Ring
32:56 Hand Cart
36:08 Chain Mail Armor
36:05 Forging
36:17 Heavy Plow
37:11 Bow Saw
39:19 Gold Mining
42:50 Imperial Age
40:36 Stone Mining
41:41 Gold Shaft Mining
42:16 Stone Shaft Mining
42:52 Arbalester
43:35 Bracer
44:42 Chemistry
45:08 Town Watch
47:14 Conscription
46:54 Eupseong
48:08 Two-Man Saw
47:13 Squires
46:58 Arson
47:53 Siege Engineers
47:14 Halberdier
Rageboy24
6:40 Loom
8:51 Feudal Age
9:24 Double-Bit Axe
10:42 Horse Collar
17:27 Bloodlines
18:17 Scale Barding Armor
24:15 Castle Age
22:33 Gold Mining
24:22 Light Cavalry
25:04 Husbandry
25:02 Stone Mining
26:00 Chain Barding Armor
26:33 Wheelbarrow
28:19 Heavy Plow
29:31 Fletching
37:23 Bodkin Arrow
38:42 Ballistics
39:45 Hand Cart
40:09 Town Watch
41:10 Forging
45:08 Imperial Age
44:21 Padded Archer Armor
46:23 Thunderclap Bombs
46:54 Conscription
48:12 Plate Barding Armor
47:53 Leather Archer Armor
Connection lost

Rejoining the realm…

Still unreachable

The connection could not be restored.

Session expired

The server has moved on; the page needs a fresh start.